 Dungeon Crawl Stone Soup version 0.30-a0-652-gcc886f7154 (webtiles) character file.

Game seed: 9404335588107854747

44 Leeroy the Slasher (level 3, -2/21 HPs)
             Began as a Tengu Warper on Jan 17, 2023.
             Slain by Terence
             ... wielding a +0 flail
              (11 damage)
             ... on level 2 of the Dungeon.
             The game lasted 00:01:13 (792 turns).

Leeroy the Slasher (Tengu Warper)                    Turns: 792, Time: 00:01:14

Health: -2/21      AC:  3    Str: 11    XL:     3   Next: 62%
Magic:  7/7        EV: 12    Int: 13    God:
Gold:   60         SH:  0    Dex: 15    Spells: 4/6 levels left

rFire   . . .      SeeInvis .    a - +0 falchion
rCold   . . .      Faith    .    (no shield)
rNeg    . . .      Spirit   .    b - +0 leather armour
rPois   .          Reflect  .    (helmet restricted)
rElec   .          Harm     .    (no cloak)
rCorr   .          Rampage  .    (no gloves)
Will    .....                    (boots unavailable)
Stlth   +                        (no amulet)
HPRegen 0.23/turn                (no ring)
MPRegen 0.10/turn                (no ring)

@: no status effects
A: beak, talons 3
a: no special abilities


You were on level 2 of the Dungeon.
You visited 1 branch of the dungeon, and saw 2 of its levels.

You collected 60 gold pieces.

Inventory:

Hand Weapons
 a - a +0 falchion (weapon)
Missiles
 d - 7 boomerangs of dispersal (quivered)
Armour
 b - a +0 leather armour (worn)
Jewellery
 g - an amulet of magic regeneration
Scrolls
 c - a scroll of blinking
 e - 3 scrolls of identify {unknown}
 f - 2 scrolls of poison {unknown}
 h - 2 scrolls of amnesia {unknown}
 i - 2 scrolls of fog {unknown}
 j - 2 scrolls of enchant armour {unknown}
 k - a scroll of immolation {unknown}
 n - a scroll of teleportation {unknown}
 o - a scroll of torment {unknown}
Potions
 l - 2 potions of heal wounds {unknown}
 m - a potion of haste {unknown}


   Skills:
 - Level 2.0 Fighting
 * Level 4.3 Long Blades
 - Level 1.0 Throwing
 - Level 1.1 Armour
 - Level 2.1 Dodging
 - Level 2.0 Spellcasting
 - Level 2.4 Translocations


You had 4 spell levels left.
You knew the following spells:

 Your Spells              Type           Power      Damage    Failure   Level
a - Blink                 Tloc           14%        N/A       19%         2

Your spell library contained the following spells:

 Spells                   Type           Power      Damage    Failure   Level
 Apportation              Tloc           14%        N/A       13%         1
 Lesser Beckoning         Tloc           14%        N/A       19%         2
 Teleport Other           Tloc           7%         N/A       36%         3
 Vhi's Electric Charge    Tloc/Air       8%         N/A       52%         3
 Manifold Assault         Tloc           7%         N/A       77%         4
 Alistair's Intoxication  Tmut/Pois      0%         N/A       100%        5


Dungeon Overview and Level Annotations

Branches:
Dungeon (2/15)

Altars:

Annotations:
D:2 Terence


Innate Abilities, Weirdness & Mutations

You have a beak for a mouth.
You have claws for feet.


Message History

No target in view!
A hobgoblin is nearby!
A hobgoblin is nearby!
The hobgoblin hits you.
You see here a quokka corpse.
You barely miss the hobgoblin. You claw the hobgoblin.
You kill the hobgoblin!
No target in view!
No target in view!
No target in view!
No target in view!
You see here a hobgoblin corpse.
There is a stone staircase leading down here.
Terence the Incautious comes into view.
He is wielding a +0 flail.
Terence shouts!
You hit Terence. Your peck misses Terence.
Terence is lightly wounded.
Terence closely misses you.
You hit Terence. You claw Terence, but do no damage.
Terence is moderately wounded.
Terence hits you with a +0 flail.
You barely miss Terence. You claw Terence.
Terence is moderately wounded.
Terence closely misses you.
You barely miss Terence. Your kick misses Terence.
Terence is moderately wounded.
Terence barely misses you.
You hit Terence. You claw Terence, but do no damage. You peck Terence.
Terence is heavily wounded.
Terence hits you with a +0 flail! Terence misses you.
You are too injured to fight recklessly!
You are too injured to fight recklessly!
You hit Terence but do no damage. Your peck misses Terence.
Terence is heavily wounded.
Terence barely misses you.
You hit Terence. You claw Terence.
Terence is almost dead.
Terence hits you with a +0 flail!
Ouch! That really hurt!
You die...

#. ## #.# ..# ##.# #....
#####.# ... #..... ...#.# #
#.# #....####.#.###
#.#####..............
#...@@...............
##..######.#.#.......# #...#
#.#.#####.#.# #..##
#.........#.# ###..#
#.#.#######.# #.########....#
#.#.# #.#
..............#######.#.#####
#..
#.#######>...................
...
#.......†..................
..#


You could see Terence.

Vanquished Creatures
  2 adders (D:2)
  A dart slug (D:1)
  2 bats (D:1)
  An endoplasm (D:2)
  A giant cockroach (D:1)
  4 hobgoblins
  2 jackals (D:1)
  3 quokkas
  2 ball pythons (D:1)
  A frilled lizard (D:1)
  4 rats
23 creatures vanquished.

Vanquished Creatures (others)
  3 withered plants (D:2)
3 creatures vanquished.

Grand Total: 26 creatures vanquished

Notes
Turn   | Place    | Note
-------+----------+-------------------------------------------
     0 | D:1      | Leeroy the Tengu Warper began the quest for the Orb.
     0 | D:1      | Reached XP level 1. HP: 12/12 MP: 4/4
     6 | D:1      | Noticed an imperial myrmidon
     6 | D:1      | Noticed a komodo dragon
     7 | D:1      | Noticed a stone giant
     7 | D:1      | Noticed a hell rat
    78 | D:1      | Reached XP level 2. HP: 8/17 MP: 6/6
    80 | D:1      | Reached skill level 3 in Long Blades
    84 | D:1      | Learned a level 2 spell: Blink
   562 | D:2      | Reached XP level 3. HP: 12/21 MP: 7/7
   641 | D:2      | Reached skill level 4 in Long Blades
   783 | D:2      | Noticed Terence
   792 | D:2      | Slain by Terence

Illustrated notes

Levels and vault maps discovered:
D:1:      onia_arrival_zoo_common, layout_rooms, nrook_loot_triangle,
          kennysheep_decorative_pillar
D:2:      layout_basic, ebering_ecumenical_altar_petrified, uniq_terence

Skill      XL: |  1  2  3 |
---------------+----------+-----
Long Blades    | 3 4 |  4.3
Fighting       | |  2.0
Throwing       | |  1.0
Armour         | |  1.1
Dodging        | |  2.1
Spellcasting   | |  2.0
Translocations | |  2.4

Action                   || total
-------------------------++-------
Melee: Falchion          ||    68
       Kick              ||    18
       Peck              ||     5
Armor: Leather armour    ||    18
Dodge: Dodged            ||    51

Table legend: (Time is in decaauts)
 A = Elapsed time spent in this place.
 B = Non-inter-level travel time spent in this place.
 C = Inter-level travel time spent in this place.
 D = Time resting spent in this place.
 E = Time spent auto-exploring this place.
 F = Levels seen in this place.
 G = Mean time per level.
                   A        B        C        D        E       F      G
               +--------+--------+--------+--------+--------+-----+--------+
         Total |    800 |    792 |      8 |      0 |    608 |   2 |  400.0 |
       Dungeon |    800 |    792 |      8 |      0 |    608 |   2 |  400.0 |
               +--------+--------+--------+--------+--------+-----+--------+

Top non-repeatable levels by time:
     D:1: 454 daAuts
     D:2: 345 daAuts
